 Dungeon Crawl Stone Soup version 0.18.1-2-ga659475 (webtiles) character file.

2808 HenryFlower the Destroyer (level 9, 0/45 HPs)
             Began as a Deep Elf Fire Elementalist on May 7, 2016.
             Was an Elder of Sif Muna.
             Slain by a warg (9 damage)
             ... on level 8 of the Dungeon on May 8, 2016.
             The game lasted 00:33:35 (10245 turns).

HenryFlower the Destroyer (DEFE)                   Turns: 10245, Time: 00:33:36

Health: 0/45       AC:  7    Str:  5    XL:     9   Next: 44%
Magic:  21/24      EV: 13    Int: 24    God:    Sif Muna [****..]
Gold:   314        SH:  7    Dex: 15    Spells: 4 memorised, 4 levels left

rFire  . . .     SeeInvis .     n - +2 long sword
rCold  . . .     Gourm    .     y - +2 robe of Circular Logic {MP+9}
rNeg   . . .     Faith    .     l - +0 buckler (curse)
rPois  .         Spirit   .     (helmet restricted)
rElec  .         Dismiss  .     w - +0 cloak
rCorr  .         Reflect  +     A - +0 pair of gloves
SustAt .         Harm     .     (no boots)
MR     .....                    t - +2 amulet of reflection (curse)
Stlth  ++........               (no ring)
                                v - +1 ring of protection

@: not resistant to hostile enchantments, unstealthy
A: beak
a: Channel Energy, Forget Spell, Renounce Religion


You were on level 8 of the Dungeon.
You worshipped Sif Muna.
Sif Muna was greatly pleased with you.
You were hungry.

You visited 1 branch of the dungeon, and saw 8 of its levels.
You also visited: Sewer.

You collected 314 gold pieces.

Inventory:

Hand Weapons
 n - a +2 long sword (weapon)
Missiles
 o - 2 throwing nets (quivered)
 p - 7 tomahawks of returning
 r - 7 curare-tipped needles
Armour
 l - a cursed +0 buckler (worn)
 w - a +0 cloak (worn)
 y - the +2 robe of Circular Logic (worn) {MP+9}
   (You found it on level 5 of the Dungeon)

   It affects your magic capacity (+9).
 A - a +0 pair of gloves (worn)
Jewellery
 t - a cursed +2 amulet of reflection (around neck)
 v - a +1 ring of protection (left hand)
Wands
 q - a wand of lightning (11/15)
 z - a wand of iceblast (6/15)
 B - a wand of teleportation (5/9)
Scrolls
 i - 2 scrolls of teleportation
 j - 2 scrolls of recharging
 s - a scroll of blinking
 u - a scroll of fear
 x - 2 scrolls of remove curse
Potions
 a - a potion of curing
 d - a potion of brilliance
 e - a potion of degeneration
 f - 2 potions of agility
 g - a potion of flight
 m - a potion of heal wounds
Books
 b - a book of Flames

   Spells                             Type                      Level
   a - Flame Tongue                   Conjuration/Fire             1
   b - Throw Flame                    Conjuration/Fire             2
   c - Conjure Flame                  Conjuration/Fire             3
   d - Inner Flame                    Hexes/Fire                   3
   e - Sticky Flame                   Conjuration/Fire             4
   f - Fireball                       Conjuration/Fire             5
Comestibles
 c - 6 bread rations
 k - 4 meat rations


   Skills:
 - Level 2.4 Dodging
 - Level 2.4 Stealth
 + Level 3.3 Shields
 - Level 3.0 Spellcasting
 + Level 10.4 Conjurations
 + Level 9.2 Fire Magic


You had 4 spell levels left.
You knew the following spells:

 Your Spells              Type           Power        Failure   Level  Hunger
a - Flame Tongue          Conj/Fire      #####        1%          1    None
b - Throw Flame           Conj/Fire      ######       1%          2    ##.....
c - Conjure Flame         Conj/Fire      ######..     1%          3    ###....
d - Sticky Flame          Conj/Fire      ######..     1%          4    ####...


Dungeon Overview and Level Annotations

Branches:
Dungeon (8/15)             Temple (0/1) D:5
   Lair: D:8-11

Altars:
Ashenzari
Dithmenos
Makhleb
Okawaru
Sif Muna
The Shining One

Shops:
D:6 (


Innate Abilities, Weirdness & Mutations

You have a beak for a mouth.


Message History

Confirm with . or Enter, or press ? or * to list all spells.
Aiming: Sticky Flame
Press: ? - help, Shift-Dir - straight line, f - warg
Aim: a warg The sticky flame hits the warg.
The warg is moderately wounded.
The warg is covered in liquid flames!
The warg burns!
The warg bites you!
* * * LOW HITPOINT WARNING * * *
The warg closely misses you.
Unknown command.
Unknown command.
The warg burns!
The warg burns!
The warg burns!
The orc priest invokes the aid of Beogh against you.
Beogh smites you!
* * * LOW HITPOINT WARNING * * *
The warg barely misses you.
The warg burns!
The warg stops burning.
The warg bites you!
You die...

#..........#
#..........#
##........##
#..........#
#..........#
#..........#
#..........#
#..........##...
##......@.......
##...rh.######.
####.### #h#
######.########
#..............
##.###o########
#..##o# #....###


You could see 2 wargs and a quokka.

Vanquished Creatures
  Grinder (D:4)
  Sigmund (D:6)
  Edmund (D:4)
  An orc warrior (D:7)
  A sky beast (D:6)
  3 ice beasts
  2 ogres (D:4)
  3 centaurs
  Blork the orc (D:5)
  4 giant frogs
  A scorpion (D:5)
  4 wights (D:6)
  A jelly (D:6)
  An orc priest (D:7)
  A gnoll shaman (D:6)
  3 hounds (D:5)
  Natasha (thrice) (D:4)
  Terence (D:3)
  3 orc wizards
  3 worker ants
  A hound skeleton (D:4)
  7 gnolls
  15 adders
  A shadow imp (D:7)
  16 oozes
  An adder zombie (D:5)
  3 adder skeletons
  4 worms
  A dart slug (D:1)
  20 giant geckos
  22 orcs
  3 bats
  8 giant cockroaches
  4 goblins
  9 hobgoblins
  11 jackals
  6 quokkas
  12 ball pythons (Sewer)
  10 giant newts
  A jackal skeleton (D:5)
  5 kobolds
  6 rats
205 creatures vanquished.

Notes
Turn   | Place    | Note
--------------------------------------------------------------
     0 | D:1      | HenryFlower the Deep Elf Fire Elementalist began the quest for the Orb.
     0 | D:1      | Reached XP level 1. HP: 10/10 MP: 6/6
   103 | D:1      | Reached skill level 2 in Conjurations
   167 | D:1      | Reached XP level 2. HP: 12/15 MP: 0/8
   854 | D:1      | Reached skill level 3 in Conjurations
   914 | D:1      | Reached XP level 3. HP: 18/19 MP: 3/9
  1106 | D:1      | Learned a level 3 spell: Conjure Flame
  1109 | D:1      | Learned a level 2 spell: Throw Flame
  1415 | D:2      | Noticed Terence
  1484 | D:3      | Killed Terence
  1484 | D:3      | Reached skill level 4 in Conjurations
  1484 | D:3      | Reached XP level 4. HP: 19/24 MP: 2/10
  2387 | D:3      | Found a deep blue altar of Sif Muna.
  2390 | D:3      | Became a worshipper of Sif Muna the Loreminder
  2478 | D:3      | Reached skill level 5 in Conjurations
  2478 | D:3      | Reached XP level 5. HP: 28/28 MP: 9/11
  2871 | D:3      | Found a glowing golden altar of the Shining One.
  2872 | D:3      | Found a shattered altar of Ashenzari.
  2961 | D:4      | Noticed Grinder
  2967 | D:4      | Paralysed by Grinder for 3 turns
  2973 | D:4      | Killed Grinder
  2973 | D:4      | Reached skill level 6 in Conjurations
  2973 | D:4      | Reached XP level 6. HP: 22/32 MP: 0/12
  3100 | D:4      | Reached * piety under Sif Muna
  3100 | D:4      | Reached skill level 7 in Conjurations
  3121 | D:4      | Found a shadowy altar of Dithmenos.
  3264 | D:4      | Noticed Edmund
  3326 | D:4      | Noticed Natasha
  3417 | D:4      | Found a glowing drain.
  3427 | Sewer    | Entered a sewer
  3801 | Sewer    | Reached XP level 7. HP: 36/36 MP: 8/13
  4057 | Sewer    | Reached skill level 5 in Fire Magic
  4399 | Sewer    | Learned a level 4 spell: Sticky Flame
  4936 | D:4      | Killed Edmund
  4936 | D:4      | Reached ** piety under Sif Muna
  4936 | D:4      | Reached skill level 8 in Conjurations
  5041 | D:4      | Killed Natasha
  5422 | D:4      | Noticed Natasha
  5426 | D:4      | Killed Natasha
  5510 | D:4      | Noticed Natasha
  5518 | D:4      | Killed Natasha
  5647 | D:5      | Entered Level 5 of the Dungeon
  5677 | D:5      | Reached XP level 8. HP: 41/41 MP: 7/14
  6031 | D:5      | Found a staircase to the Ecumenical Temple.
  6433 | D:5      | Got a heavily jewelled robe
  6715 | D:5      | Reached skill level 9 in Conjurations
  7535 | D:6      | Reached *** piety under Sif Muna
  7564 | D:6      | Gained mutation: You have a beak for a mouth. [potion of beneficial mutation]
  7606 | D:6      | Identified the +2 robe of Circular Logic {MP+9} (You found it on level 5 of the Dungeon)
  7849 | D:6      | Reached skill level 1 in Shields
  8039 | D:6      | Noticed Sigmund
  8082 | D:6      | Killed Sigmund
  8246 | D:6      | Reached XP level 9. HP: 33/45 MP: 15/15
  8343 | D:6      | Found Ceul's Weapon Boutique.
  8668 | D:6      | Noticed Blork the orc
  8729 | D:5      | Found an iron altar of Okawaru.
  8780 | D:5      | Killed Blork the orc
  8780 | D:5      | Reached skill level 10 in Conjurations
  9509 | D:7      | Reached **** piety under Sif Muna
 10145 | D:7      | Found a burning altar of Makhleb.
 10245 | D:8      | Slain by a warg

Skill      XL: |  1  2  3  4  5  6  7  8  9 |
---------------+----------------------------+-----
Conjurations   | 2 3 4 5 6 7 8 9 10 | 10.4
Fire Magic     | 4 6 8 9 |  9.2
Shields        | 2 3 |  3.3
Dodging        | |  2.4
Stealth        | |  2.4
Spellcasting   | |  3.0

Action                   |  1- 3 |  4- 6 |  7- 9 || total
-------------------------+-------+-------+-------++-------
Melee: Unarmed           |     3 |     2 |     1 ||     6
       Long sword        |       |       |   122 ||   122
       Peck              |       |       |     7 ||     7
 Cast: Flame Tongue      |    56 |    99 |    77 ||   232
       Throw Flame       |     3 |    16 |    39 ||    58
       Conjure Flame     |     1 |     6 |     2 ||     9
       Sticky Flame      |       |       |    48 ||    48
  Use: Scroll            |       |     8 |     9 ||    17
       Potion            |       |       |     2 ||     2
 Stab: Sleeping          |       |       |     1 ||     1
  Eat: Chunk             |     1 |     9 |    16 ||    26
       Fruit             |       |       |     6 ||     6
       Beef jerky        |       |       |     3 ||     3
       Meat ration       |       |       |     1 ||     1
Armor: Robe              |     5 |     5 |    55 ||    65
Dodge: Dodged            |    26 |    33 |   141 ||   200
Block: Buckler           |       |       |    28 ||    28
